[Event "Titled Tuesday Blitz April 4 Late 2023"]
[White "Koutlas, Nikolaos"]
[Black "Gegenfurtner, Juergen"]
[WhiteFideId "25827138"]
[BlackFideId "24632147"]
[WhiteElo "2215"]
[BlackElo "2398"]
[Result "0-1"]
[Round "06"]
[TimeControl "180+2"]
[Date "2023.04.04"]
[WhiteClock "0:00:02"]
[BlackClock "0:00:03"]

1. e3 d5 2. c4 e6 3. d4 Nf6 4. Nc3 Nbd7 5. Nf3 Be7 6. Bd3 O-O 7. O-O dxc4 8. Bxc4 a6 9. a4 c5 10. b3 cxd4 11. Nxd4 Ne5 12. Be2 Bd7 13. Bb2 Rc8 14. Rc1 Qa5 15. h3 Rfd8 16. Qd2 Bb4 17. Rfd1 Ne4 18. Nxe4 Bxd2 19. Rxc8 Bxc8 20. Rxd2 Nc6 21. Bc3 Qc7 22. Bc4 Ne5 23. Nxe6 Bxe6 24. Bxe5 Qc8 25. Nd6 Qd7 26. Rd4 Bxc4 27. Nxb7 Qxd4 28. exd4 Rd7 29. bxc4 Rxb7 30. c5 Rb1+ 31. Kh2 Rc1 32. Bd6 f6 33. d5 Kf7 34. c6 Ke8 35. Bc7 Rc4 36. a5 Rc5 37. Bb6 Rxd5 38. Kg3 Re5 39. Kf4 g5+ 40. Kg4 Kf7 41. f4 Re4 42. g3 Kg6 43. Kf3 Rc4 44. c7 gxf4 45. gxf4 Kf5 46. Ke3 Ke6 47. Kd3 Kd5 48. Ke3 f5 49. Kd3 h5 50. h4 Rc6 51. Ke3 Rc3+ 52. Kd2 Rc4 53. Kd3 Rc6 54. Ke3 Re6+ 55. Kd3 Re8 56. Bd4 Kc6 57. Be5 Kd7 58. Kd4 Rg8 59. Kd5 Rg4 60. Kc5 Rxh4 61. Kb6 Rh1 62. Kxa6 Rb1 63. Bf6 Kxc7 64. Ka7 Rb3 65. a6 Ra3 66. Be5+ Kc6 67. Bf6 Ra4 68. Bd8 Rxf4 69. Kb8 Rb4+ 70. Kc8 Ra4 71. Bb6 Rxa6 0-1


[Site "https://www.chess.com"]

[Event "Titled Tuesday Blitz April 4 Late 2023"]
[White "Przybylski, Wojciech"]
[Black "Perske, Thore"]
[WhiteFideId "1117599"]
[BlackFideId "12902195"]
[WhiteElo "2222"]
[BlackElo "2336"]
[Result "1-0"]
[Round "06"]
[TimeControl "180+2"]
[Date "2023.04.04"]
[WhiteClock "0:00:03"]
[BlackClock "0:00:07"]

1. e4 c6 2. d4 d5 3. e5 Bf5 4. Nf3 e6 5. c4 Nd7 6. Nc3 Bb4 7. a3 Bxc3+ 8. bxc3 Ne7 9. Be2 dxc4 10. O-O b5 11. Nh4 Nb6 12. Nxf5 Nxf5 13. Bf3 Nd5 14. Bd2 Nh4 15. Be4 Ng6 16. Qh5 Qh4 17. Qf3 a5 18. Rfb1 O-O 19. g3 Qd8 20. h4 Qd7 21. h5 Nge7 22. h6 g6 23. Bg5 Rfb8 24. Bd2 Nf5 25. g4 Nfe7 26. Qg3 Qd8 27. f4 b4 28. axb4 axb4 29. Rxa8 Rxa8 30. cxb4 Nxb4 31. Rxb4 Qxd4+ 32. Qe3 Ra1+ 33. Rb1 Rxb1+ 34. Bxb1 Qb2 35. Be4 Nd5 36. Bxd5 exd5 37. Qa7 Qb1+ 38. Kh2 Kf8 39. Be3 Qc2+ 40. Kg3 d4 41. Bxd4 Qd3+ 42. Kh4 Ke8 43. Bc5 Qd8+ 44. g5 Qd2 45. Qe7# 1-0


[Site "https://www.chess.com"]

[Event "Titled Tuesday Blitz April 4 Late 2023"]
[White "Vlassov, Nikolai"]
[Black "Dudzinski, Pawel"]
[WhiteFideId "4103360"]
[BlackFideId "1117890"]
[WhiteElo "2324"]
[BlackElo "2099"]
[Result "1-0"]
[Round "06"]
[TimeControl "180+2"]
[Date "2023.04.04"]
[WhiteClock "0:00:45"]
[BlackClock "0:00:03"]

1. e4 c6 2. d4 d5 3. e5 c5 4. dxc5 e6 5. Nf3 Bxc5 6. a3 Nd7 7. b4 Bb6 8. Bd3 Ne7 9. O-O Ng6 10. Re1 Qc7 11. Bb2 a5 12. Nbd2 Nf4 13. Bf1 axb4 14. axb4 Rxa1 15. Bxa1 O-O 16. c4 dxc4 17. Nxc4 Rd8 18. Qd6 Qxd6 19. exd6 Ba7 20. b5 Nd5 21. g3 N7b6 22. Nfd2 Nxc4 23. Nxc4 Nb6 24. Bd4 Nxc4 25. Bxa7 Nxd6 26. Bb6 Rd7 27. Rc1 f6 28. f4 Kf7 29. Kf2 Ke7 30. Kf3 Ke8 31. Rc5 e5 32. fxe5 fxe5 33. Ke3 Nf5+ 34. Ke4 Ne7 35. Bh3 Rd8 36. Bxd8 Bxh3 37. Bxe7 Kxe7 38. Kxe5 Kf7 39. Rc7+ Kg6 40. Rxb7 Bg2 41. Rc7 1-0


[Site "https://www.chess.com"]

[Event "Titled Tuesday Blitz April 4 Late 2023"]
[White "Papp, Levente"]
[Black "Prydun, Andriy"]
[WhiteFideId "751243"]
[BlackFideId "14145898"]
[WhiteElo "2380"]
[BlackElo "2164"]
[Result "1-0"]
[Round "06"]
[TimeControl "180+2"]
[Date "2023.04.04"]
[WhiteClock "0:00:57"]
[BlackClock "0:01:15"]

1. b3 b5 2. Bb2 Bb7 3. e3 b4 4. Nf3 Nf6 5. a3 e6 6. Be2 a5 7. O-O Be7 8. axb4 axb4 9. Rxa8 Bxa8 10. d4 Bxf3 11. Bxf3 d5 12. Qd3 O-O 13. c4 c6 14. Nd2 Qb6 15. c5 Qb5 16. Qxb5 cxb5 17. Be2 Nc6 18. Bxb5 Na5 19. Ra1 Nb7 20. Ra7 Nxc5 21. Rxe7 Nce4 22. Nxe4 Nxe4 23. Bd3 Nd2 24. Rb7 Nxb3 25. Rxb4 Nd2 26. Bc3 Ne4 27. Bxe4 dxe4 28. f3 exf3 29. gxf3 h5 30. Rb2 Rc8 31. Bb4 Rb8 32. Kf2 Kh7 33. e4 Kh6 34. Ke3 Rb7 35. d5 exd5 36. exd5 Kg6 37. Kd4 Kf5 38. Bc3 Ra7 39. d6 Ke6 40. Kc5 Ra3 41. Re2+ Kd7 42. Re7+ Kc8 43. Bxg7 Rxf3 44. Kc6 1-0


[Site "https://www.chess.com"]

[Event "Titled Tuesday Blitz April 4 Late 2023"]
[White "Santos Flores, Alberto"]
[Black "Alex_Sahakyan2006"]
[WhiteFideId "3601234"]
[WhiteElo "2235"]
[BlackElo "2620"]
[Result "0-1"]
[Round "06"]
[TimeControl "180+2"]
[Date "2023.04.04"]
[WhiteClock "0:00:01"]
[BlackClock "0:00:41"]

1. d4 Nf6 2. Bf4 d6 3. Nc3 g6 4. e4 Bg7 5. Qd2 h5 6. Bd3 h4 7. h3 Nh5 8. Be3 Nc6 9. Nf3 e5 10. d5 Nd4 11. Be2 Nxf3+ 12. Bxf3 Nf4 13. Bxf4 exf4 14. Qxf4 Be5 15. Qe3 Qf6 16. Bg4 Bxg4 17. hxg4 a6 18. Qf3 Qg5 19. Nd1 O-O-O 20. c3 Rde8 21. Ne3 Bf4 22. O-O-O f5 23. gxf5 gxf5 24. g3 hxg3 25. Rxh8 Rxh8 26. Kb1 fxe4 27. Qxe4 gxf2 28. Nf1 Qe5 29. Qd3 Kb8 30. Qf3 Qh5 31. Qd3 Re8 32. a3 Re1 33. Kc2 Qh1 34. c4 b6 35. a4 a5 36. b3 Be5 37. Kc1 Qh6+ 38. Kc2 Bg7 39. Nd2 Qf6 0-1


[Site "https://www.chess.com"]

[Event "Titled Tuesday Blitz April 4 Late 2023"]
[White "Erzhanov, Arman"]
[Black "Ehlvest, Jaan"]
[WhiteFideId "4138821"]
[BlackFideId "4500016"]
[WhiteElo "2138"]
[BlackElo "2442"]
[Result "0-1"]
[Round "06"]
[TimeControl "180+2"]
[Date "2023.04.04"]
[WhiteClock "0:00:03"]
[BlackClock "0:00:05"]

1. e4 c5 2. Nf3 Nc6 3. Bb5 g6 4. O-O Bg7 5. c3 Nf6 6. Qa4 O-O 7. d4 cxd4 8. cxd4 d5 9. e5 Ne4 10. Bxc6 bxc6 11. Qxc6 Bg4 12. Nbd2 Rc8 13. Qa4 Qb6 14. h3 Bf5 15. Qb3 Qa5 16. Nxe4 dxe4 17. Nh2 Be6 18. Qd1 f5 19. Bd2 Qd5 20. Bc3 f4 21. Re1 Bd7 22. Qb3 Bc6 23. Qxd5+ Bxd5 24. Nf1 Bh6 25. Nd2 e3 26. Nf3 e6 27. Nh2 exf2+ 28. Kxf2 Bg5 29. Nf3 Be7 30. Rac1 g5 31. a3 h5 32. Bb4 Bxb4 33. axb4 g4 34. hxg4 hxg4 35. Ng5 Rb8 36. Ne4 Rxb4 37. Nf6+ Kg7 38. Rc7+ Rf7 39. Rxf7+ Kxf7 40. Nxg4 Rxd4 41. Nf6 Rd2+ 42. Re2 Rxe2+ 43. Kxe2 Bxg2 44. Nh5 f3+ 45. Kf2 Kg6 46. Nf4+ Kf5 47. Nd3 Ke4 48. Nc5+ Kd5 49. Nd7 a5 50. Nb8 Kc5 51. Nd7+ Kb4 52. Nf8 Bh3 53. Kxf3 Kb3 54. Kg3 Kxb2 55. Kxh3 a4 56. Nxe6 a3 57. Nc5 a2 58. Nd3+ Kc3 59. e6 a1=Q 60. Nf4 Qa6 61. Kg4 Kd4 62. Kf5 Qb5+ 63. Kg6 Qe5 64. Nh5 Qxe6+ 65. Nf6 Ke5 66. Kh7 Qxf6 67. Kg8 Qe7 68. Kh8 Kf6 69. Kg8 Qg7# 0-1


[Site "https://www.chess.com"]

[Event "Titled Tuesday Blitz April 4 Late 2023"]
[White "Mendez Fortes, Eduardo Jesus"]
[Black "Goltseva, Ekaterina"]
[WhiteFideId "3502376"]
[BlackFideId "24173770"]
[WhiteElo "2307"]
[BlackElo "2200"]
[Result "0-1"]
[Round "06"]
[TimeControl "180+2"]
[Date "2023.04.04"]
[WhiteClock "0:01:13"]
[BlackClock "0:00:19"]

1. e4 e5 2. Nf3 Nc6 3. Bb5 a6 4. Ba4 Nf6 5. O-O b5 6. Bb3 Be7 7. Re1 d6 8. c3 O-O 9. h3 Nd7 10. a4 Bb7 11. d4 Bf6 12. Be3 Na5 13. Bc2 Nc4 14. Bc1 exd4 15. cxd4 c5 16. b3 cxd4 17. Nxd4 Qb6 18. a5 Qxd4 19. Qxd4 Bxd4 20. Ra2 Nce5 21. Rd1 Bc5 22. Nc3 Rac8 23. Ne2 Rfe8 24. Ng3 Nf6 25. Kf1 Ng6 26. f3 d5 27. Bg5 dxe4 28. Bxf6 gxf6 29. Bxe4 Bxe4 30. Nxe4 Kg7 31. Rad2 f5 32. Ng3 Re5 33. Nh5+ Kh6 34. Nf6 Bb4 35. Rd4 Bc3 36. Rd7 Re7 37. R7d6 Bxf6 38. Rxf6 Rc2 39. Rxa6 Ree2 40. Rd7 Rxg2 41. Rad6 Kg7 42. a6 Nf4 43. Rd1 Rh2 44. R7d2 Rcxd2 45. Rxd2 Rxd2 46. a7 Ra2 47. b4 Rxa7 48. Kf2 Ra3 49. Kg3 Nd5 50. Kh4 Nxb4 51. Kg5 Nd5 52. Kxf5 b4 53. Ke4 Nc3+ 54. Kd3 Nb5+ 55. Kc2 Rxf3 56. Kb2 Rxh3 57. Kc2 f5 58. Kd2 f4 59. Ke2 b3 60. Kf2 b2 61. Kg2 Rg3+ 62. Kh2 Rc3 63. Kg2 b1=Q 64. Kf2 Qb2+ 65. Ke1 Rc1# 0-1


[Site "https://www.chess.com"]

[Event "Titled Tuesday Blitz April 4 Late 2023"]
[White "Moral Garcia, Serafin"]
[Black "Postnikov, Daniil"]
[WhiteFideId "2201925"]
[BlackFideId "4166329"]
[WhiteElo "2274"]
[BlackElo "2261"]
[Result "1-0"]
[Round "06"]
[TimeControl "180+2"]
[Date "2023.04.04"]
[WhiteClock "0:00:14"]
[BlackClock "0:00:10"]

1. e4 e6 2. d4 d5 3. Nd2 c5 4. exd5 Qxd5 5. Ngf3 cxd4 6. Bc4 Qd8 7. O-O Nc6 8. Nb3 a6 9. Nbxd4 Nxd4 10. Nxd4 Qc7 11. Bb3 Bd6 12. h3 Ne7 13. c3 O-O 14. Qf3 e5 15. Nc2 Kh8 16. Ne3 f5 17. Nd5 Nxd5 18. Qxd5 Bd7 19. Rd1 Rf6 20. Bg5 Bc6 21. Qd3 Be4 22. Qe2 Rg6 23. h4 h6 24. Qh5 f4 25. Bd5 Bf5 26. Bxf4 Rf8 27. Bg3 Kh7 28. Qe2 Qb6 29. Kh1 Bg4 30. Qc2 Bxd1 31. Rxd1 h5 32. Be4 Rf6 33. Rd3 Kh8 34. Bxg6 Rxg6 35. Rf3 Rg4 36. Qf5 Rf4 37. Bxf4 exf4 38. Qxh5+ Kg8 39. Rd3 Qc6 40. Qd5+ Qxd5 41. Rxd5 1-0


[Site "https://www.chess.com"]

[Event "Titled Tuesday Blitz April 4 Late 2023"]
[White "Romkachess"]
[Black "Jocev, Milan"]
[BlackFideId "900680"]
[WhiteElo "2456"]
[BlackElo "2304"]
[Result "1-0"]
[Round "06"]
[TimeControl "180+2"]
[Date "2023.04.04"]
[WhiteClock "0:01:31"]
[BlackClock "0:01:22"]

1. e4 c6 2. d4 d5 3. Nc3 g6 4. h4 h5 5. Nf3 Nf6 6. e5 Ng4 7. Bg5 Bh6 8. Qd2 Bf5 9. O-O-O Qa5 10. Kb1 Na6 11. Bxh6 Nxh6 12. Bd3 Bxd3 13. Qxd3 Nc7 14. Ng5 e6 15. f3 O-O-O 16. Ne2 Kb8 17. Qd2 Qxd2 18. Rxd2 Nf5 19. Nxf7 Rdf8 20. Nxh8 Rxh8 21. Nf4 Ne7 22. Nd3 b6 23. g4 Rf8 24. Rf2 Kc8 25. Rg1 Kd7 26. c3 Ne8 27. gxh5 gxh5 28. Rg5 Rh8 29. Nf4 Nf5 30. Rxh5 Rxh5 31. Nxh5 Nxh4 32. Ng3 Ke7 33. Rh2 1-0


[Site "https://www.chess.com"]

[Event "Titled Tuesday Blitz April 4 Late 2023"]
[White "Harriott, Tyrell"]
[Black "Romanchuk, Viktor"]
[WhiteFideId "2086484"]
[BlackFideId "14109271"]
[WhiteElo "2107"]
[BlackElo "2242"]
[Result "1-0"]
[Round "06"]
[TimeControl "180+2"]
[Date "2023.04.04"]
[WhiteClock "0:00:17"]
[BlackClock "0:00:01"]

1. d4 d5 2. e3 Nf6 3. Bd3 c5 4. c3 cxd4 5. exd4 Bg4 6. Ne2 e6 7. O-O Nc6 8. f4 Bd6 9. Nd2 O-O 10. Nf3 Ne4 11. Bxe4 dxe4 12. Ng5 Ne7 13. Nxe4 Bc7 14. Qe1 b5 15. N2g3 b4 16. Bd2 bxc3 17. Bxc3 Nd5 18. f5 exf5 19. Nxf5 Re8 20. h3 Bxf5 21. Rxf5 Qd7 22. g4 Re6 23. Qe2 Rae8 24. Nc5 Rxe2 25. Nxd7 Ne3 26. Rf2 Nc2 27. Raf1 f6 28. Nc5 Bb6 29. Kg2 Ne3+ 30. Kg1 Nxf1 31. Kxf1 Rxf2+ 32. Kxf2 Kf7 33. a3 g6 34. Kf3 f5 35. gxf5 gxf5 36. Kf4 Kg6 37. b4 Bxc5 38. bxc5 Re4+ 39. Kf3 Kf7 40. d5 Rh4 41. Be5 Rc4 42. c6 Rc5 43. Bb8 Rxd5 44. Bxa7 1-0


[Site "https://www.chess.com"]

[Event "Titled Tuesday Blitz April 4 Late 2023"]
[White "Di Berardino, Diego Rafael"]
[Black "Gerbelli Neto, Eduardo"]
[WhiteFideId "2105446"]
[BlackFideId "2103281"]
[WhiteElo "2432"]
[BlackElo "2178"]
[Result "1-0"]
[Round "06"]
[TimeControl "180+2"]
[Date "2023.04.04"]
[WhiteClock "0:00:06"]
[BlackClock "0:00:07"]

1. e4 e5 2. Nf3 Nc6 3. Bb5 a6 4. Ba4 Nf6 5. O-O b5 6. Bb3 Be7 7. Re1 O-O 8. d4 Nxd4 9. Nxd4 exd4 10. e5 Ne8 11. Qxd4 c5 12. Qe4 Nc7 13. c3 Rb8 14. Bc2 g6 15. Bh6 Re8 16. Nd2 Bb7 17. Qg4 Ne6 18. Ne4 Bxe4 19. Bxe4 Bg5 20. Bxg5 Qxg5 21. Qxg5 Nxg5 22. Bc2 Ne6 23. Rad1 Red8 24. Rd6 a5 25. g3 b4 26. Bb3 Rbc8 27. Red1 c4 28. Bc2 Nc5 29. R1d4 b3 30. axb3 cxb3 31. Bb1 Kf8 32. f4 Ke7 33. g4 Rc6 34. R6d5 d6 35. Kf2 dxe5 36. Rxe5+ Ne6 37. Rxd8 Kxd8 38. f5 Nc5 39. Ke3 Kd7 40. Rd5+ Kc7 41. Rd4 Kb6 42. Bd3 a4 43. Rb4+ Kc7 44. Bc4 f6 45. Kd4 Kd6 46. Bd5 Ra6 47. Rb5 Nd7 48. c4 Ne5 49. c5+ Kc7 50. Rb7+ Kc8 51. Rb4 Nxg4 52. Bb7+ Kc7 53. Bxa6 gxf5 54. Rxa4 Nxh2 55. Bc4 Nf3+ 56. Kd5 Ne5 57. Ra7+ Kb8 58. Rxh7 f4 59. Bxb3 f3 60. Bd1 f2 61. Be2 Kc8 62. Rh2 Ng4 63. Rh8+ Kd7 64. Bxg4+ Kc7 65. Be2 1-0


[Site "https://www.chess.com"]

[Event "Titled Tuesday Blitz April 4 Late 2023"]
[White "Kavutskiy, Konstantin"]
[Black "Romero Ruscalleda, Josep"]
[WhiteFideId "2026384"]
[BlackFideId "2231859"]
[WhiteElo "2323"]
[BlackElo "2183"]
[Result "1-0"]
[Round "06"]
[TimeControl "180+2"]
[Date "2023.04.04"]
[WhiteClock "0:00:28"]
[BlackClock "0:00:06"]

1. d4 g6 2. e4 Bg7 3. Nc3 d6 4. Be3 a6 5. Qd2 b5 6. Nf3 Bb7 7. Bd3 Nf6 8. Bh6 Bxh6 9. Qxh6 b4 10. Nd5 Nxd5 11. exd5 Bxd5 12. Qg7 Kd7 13. Qh6 Qf8 14. Qd2 Nc6 15. O-O-O Bxf3 16. gxf3 d5 17. Kb1 e6 18. c3 Qd6 19. Rc1 Rab8 20. Bxa6 bxc3 21. Qxc3 Rb4 22. a3 Rb6 23. Be2 Rhb8 24. Rc2 Rb3 25. Qc5 Qxc5 26. dxc5 Nd4 27. Rd2 Nxe2 28. Rxe2 Kc6 29. Ka2 Kxc5 30. Rc2+ Kd6 31. Rhc1 R3b7 32. Rc6+ Kd7 33. R6c2 Rc8 34. b4 c6 35. Kb3 Kd6 36. Rc5 Rcc7 37. a4 Rb6 38. b5 e5 39. Kb4 d4 40. Ka5 Rb8 41. Rxc6+ Rxc6 42. Rxc6+ Kd5 43. Rc7 d3 44. b6 Kd4 45. Kb5 d2 46. Rd7+ Kc3 47. a5 f5 48. a6 e4 49. fxe4 fxe4 50. a7 Rc8 51. b7 Rc4 52. a8=Q Rb4+ 53. Kc5 Rc4+ 54. Kb6 Rb4+ 55. Kc7 Rc4+ 56. Kb8 Kc2 57. Qa2+ Kc3 58. Qxd2+ 1-0


[Site "https://www.chess.com"]

[Event "Titled Tuesday Blitz April 4 Late 2023"]
[White "Arun, Siddharth"]
[Black "Ambartsumova, Karina"]
[WhiteFideId "2079178"]
[BlackFideId "4166299"]
[WhiteElo "2343"]
[BlackElo "2240"]
[Result "0-1"]
[Round "06"]
[TimeControl "180+2"]
[Date "2023.04.04"]
[WhiteClock "0:00:52"]
[BlackClock "0:00:14"]

1. d4 Nf6 2. Nc3 d5 3. Bf4 g6 4. e3 Bg7 5. Nb5 Na6 6. h3 Ne4 7. Nf3 c6 8. Nc3 Qa5 9. Bxa6 bxa6 10. O-O Nxc3 11. bxc3 Qxc3 12. Rb1 O-O 13. Rb3 Qa5 14. Qb1 Bf5 15. Be5 c5 16. Rb7 Rfe8 17. Bxg7 Kxg7 18. Ne5 Rac8 19. Qb2 Kg8 20. Rxa7 cxd4 21. Qxd4 Qxa2 22. Ra1 Qxc2 23. R1xa6 Qe2 24. Nc6 Qe1+ 25. Kh2 Rxc6 26. Rxc6 Qxf2 27. Qe5 Be4 28. Qg3 Qf5 29. Rcc7 Qf6 30. Rcb7 h5 31. Rb8 Rxb8 32. Qxb8+ Kg7 33. Qc7 Qg5 34. Qxe7 Qxg2# 0-1


[Site "https://www.chess.com"]

[Event "Titled Tuesday Blitz April 4 Late 2023"]
[White "feuervogel1000000"]
[Black "Rastbod, Ali"]
[BlackFideId "12567477"]
[WhiteElo "2283"]
[BlackElo "2248"]
[Result "1-0"]
[Round "06"]
[TimeControl "180+2"]
[Date "2023.04.04"]
[WhiteClock "0:00:14"]
[BlackClock "0:00:03"]

1. e4 Nc6 2. d4 d5 3. e5 Bf5 4. Nf3 e6 5. Bd3 Bxd3 6. Qxd3 Nb4 7. Qe2 c5 8. c3 Nc6 9. O-O Rc8 10. Be3 Qb6 11. Nbd2 cxd4 12. cxd4 Nge7 13. a3 a5 14. g4 h5 15. h3 Ng6 16. Rac1 Be7 17. Kg2 a4 18. Nb1 Ra8 19. Nc3 Qa6 20. Qxa6 Rxa6 21. Nb5 Kd7 22. Nc3 Bd8 23. Ne2 b5 24. Ne1 Be7 25. f4 hxg4 26. hxg4 Rb8 27. Nd3 b4 28. f5 Nf8 29. fxe6+ fxe6 30. Nc5+ Bxc5 31. Rxc5 bxa3 32. bxa3 Rb3 33. Nc3 Ng6 34. Rf7+ Nce7 35. Bg5 Rc6 36. Nxa4 Rxa3 37. Bxe7 Nxe7 38. Rxc6 Kxc6 39. Rxe7 Rxa4 40. Rxe6+ Kb5 41. Rg6 Rxd4 42. Rxg7 Re4 43. Rg5 Kc4 44. Kf3 Kd3 45. Rf5 d4 46. g5 Re1 47. g6 Rg1 48. Rf6 Rg5 49. Kf4 Rg1 50. e6 Kc2 51. e7 Rf1+ 52. Ke5 Re1+ 53. Kxd4 Rxe7 54. Rf7 Re6 55. g7 Rg6 56. Ke5 Kd3 57. Kf5 Rg1 58. Kf6 Ke4 59. Rf8 Rf1+ 60. Ke7 Ra1 61. g8=Q 1-0


[Site "https://www.chess.com"]

[Event "Titled Tuesday Blitz April 4 Late 2023"]
[White "Antonova, Nadezhda"]
[Black "TimGrutter03"]
[WhiteFideId "14700182"]
[WhiteElo "1765"]
[BlackElo "2577"]
[Result "0-1"]
[Round "06"]
[TimeControl "180+2"]
[Date "2023.04.04"]
[WhiteClock "0:01:00"]
[BlackClock "0:00:42"]

1. Nf3 g6 2. d4 Bg7 3. Nbd2 d6 4. e4 a6 5. a4 b6 6. Bd3 Bb7 7. O-O e6 8. Re1 Ne7 9. c3 O-O 10. Nf1 Nd7 11. Ng3 c5 12. Qe2 Nc6 13. Be3 cxd4 14. Nxd4 Nde5 15. Bc2 Rc8 16. Rad1 Nxd4 17. Bxd4 Qc7 18. h4 h6 19. h5 g5 20. Nf1 Qc6 21. f3 b5 22. axb5 axb5 23. Ne3 Rb8 24. Bd3 Ba6 25. Nc2 Nxd3 26. Qxd3 b4 27. Qd2 bxc3 28. Bxc3 Bxc3 29. bxc3 Rb2 30. Qxd6 Qxc3 31. Ne3 Re2 32. Qxa6 Qxe3+ 33. Kh2 Rxe1 0-1


[Site "https://www.chess.com"]

[Event "Titled Tuesday Blitz April 4 Late 2023"]
[White "Han, Yichen"]
[Black "Djordjevic, Dejan N"]
[WhiteFideId "1054430"]
[BlackFideId "913316"]
[WhiteElo "2342"]
[BlackElo "2261"]
[Result "0-1"]
[Round "06"]
[TimeControl "180+2"]
[Date "2023.04.04"]
[WhiteClock "0:00:34"]
[BlackClock "0:00:20"]

1. Nf3 Nf6 2. g3 g6 3. Bg2 Bg7 4. b4 d6 5. Bb2 O-O 6. O-O a5 7. b5 c5 8. d3 Nbd7 9. a4 d5 10. Na3 b6 11. Nd2 Bb7 12. c4 e6 13. Qc2 Qc7 14. Rac1 d4 15. e4 dxe3 16. fxe3 Bxg2 17. Kxg2 Ng4 18. Rce1 f5 19. Bxg7 Kxg7 20. Qb2+ Qe5 21. Qc2 Nxe3+ 22. Rxe3 Qxe3 23. Nf3 Rae8 24. Nb1 e5 25. Re1 Qh6 26. Qb2 Kg8 27. Nxe5 Qg7 28. d4 cxd4 29. Nf3 Rxe1 30. Nxe1 Qe5 31. Nf3 Qe4 32. Nd2 Qd3 33. Qxd4 Qxd4 34. Nxd4 Ne5 35. N4b3 Nd3 36. Kf3 Re8 37. h4 Kf7 38. Kg2 Kf6 39. Nf3 Re2+ 0-1


[Site "https://www.chess.com"]

[Event "Titled Tuesday Blitz April 4 Late 2023"]
[White "Poltorak, Sebastian"]
[Black "Krasteva, Beloslava"]
[WhiteFideId "1199498"]
[BlackFideId "2922029"]
[WhiteElo "2195"]
[BlackElo "2187"]
[Result "0-1"]
[Round "06"]
[TimeControl "180+2"]
[Date "2023.04.04"]
[WhiteClock "0:00:06"]
[BlackClock "0:00:09"]

1. d4 d5 2. c4 e6 3. Nc3 Be7 4. cxd5 exd5 5. Bf4 Nf6 6. e3 O-O 7. Bd3 c5 8. Nge2 c4 9. Bc2 Nc6 10. h3 a6 11. a4 Nb4 12. O-O Be6 13. f3 Bd6 14. Qd2 Nxc2 15. Qxc2 Nh5 16. Bxd6 Qxd6 17. e4 b5 18. e5 Qb6 19. g4 b4 20. Nd1 Nf4 21. Nf2 Nxe2+ 22. Qxe2 Qxd4 23. Rad1 Qf4 24. Kg2 d4 25. h4 d3 26. Qe1 Bd5 27. Nh3 Qxg4+ 28. Kh2 Bxf3 29. Rd2 Be2 30. Rg1 Qe4 31. Qg3 g6 32. h5 Rfe8 33. hxg6 fxg6 34. Ng5 Qxe5 35. b3 Qxg3+ 36. Kxg3 c3 0-1


[Site "https://www.chess.com"]

[Event "Titled Tuesday Blitz April 4 Late 2023"]
[White "Diaz Perez, Michel Alejandro"]
[Black "Poliakova, Varvara"]
[WhiteFideId "3517179"]
[BlackFideId "13518313"]
[WhiteElo "2334"]
[BlackElo "2075"]
[Result "1/2-1/2"]
[Round "06"]
[TimeControl "180+2"]
[Date "2023.04.04"]
[WhiteClock "0:00:06"]
[BlackClock "0:00:09"]

1. e4 d5 2. exd5 Qxd5 3. Nc3 Qd6 4. Nf3 c6 5. d4 Nf6 6. Bc4 Bg4 7. Be3 e6 8. h3 Bh5 9. a3 Nd5 10. Nxd5 cxd5 11. Bb5+ Nc6 12. O-O Be7 13. Re1 O-O 14. c3 Na5 15. Be2 Rac8 16. Ne5 Bxe2 17. Qxe2 Nc4 18. Bf4 Qa6 19. Qg4 Nxe5 20. Bxe5 g6 21. Re3 h5 22. Qd1 Rc4 23. Rg3 Kh7 24. Qd2 Bd6 25. Re1 f6 26. Bf4 Bxf4 27. Qxf4 Kg7 28. Qh4 Qd6 29. Rge3 Re8 30. f4 f5 31. Rg3 Kf7 32. Qg5 Rg8 33. Rge3 Rc6 34. Qh6 Qd8 35. Rg3 Qf6 36. Qg5 Qxg5 37. Rxg5 h4 38. g3 hxg3 39. Rxg3 Kf6 40. Kf2 Rcc8 41. Reg1 Rg7 42. Ke3 Rh8 43. Kd3 Rh4 44. Ke3 b5 45. Kf3 a5 46. Ke3 Ke7 47. Kf3 Kd6 48. Rxg6 Rxg6 49. Rxg6 Rxh3+ 50. Rg3 Rh1 51. Ke3 Rh2 52. b4 a4 53. Rg8 Ra2 54. Rb8 Rxa3 55. Kd3 Kc6 56. Rc8+ Kb7 57. Re8 Ra1 58. Rxe6 Rd1+ 59. Kc2 Rf1 60. Re5 Rxf4 61. Rxd5 Kc6 62. Rc5+ Kb6 63. Re5 Rf2+ 64. Kb1 f4 65. d5 Rd2 66. Rf5 Rf2 67. Rf6+ Kc7 68. Ka1 f3 69. Kb1 a3 70. Ka1 Kd7 71. d6 Rf1+ 72. Ka2 f2 73. Rf3 Kxd6 74. Rf8 Kd5 75. Rf6 Kc4 76. Rf3 Rc1 77. Rxf2 Kxc3 78. Rf3+ Kxb4 79. Rb3+ Kc4 80. Rxa3 Rc2+ 81. Kb1 Rh2 82. Rg3 b4 83. Rf3 Kb5 84. Rg3 Ka4 85. Rf3 b3 86. Rf8 Rh1+ 87. Kb2 Rh2+ 88. Kb1 Kb4 89. Rb8+ Ka3 90. Ra8+ Kb4 91. Rb8+ Kc3 92. Rc8+ Kb4 93. Rb8+ 1/2-1/2


[Site "https://www.chess.com"]

[Event "Titled Tuesday Blitz April 4 Late 2023"]
[White "Gontcharov, Vladislav"]
[Black "Veiga, Jose Francisco R P Neves"]
[WhiteFideId "4123492"]
[BlackFideId "1930087"]
[WhiteElo "2420"]
[BlackElo "2320"]
[Result "1-0"]
[Round "06"]
[TimeControl "180+2"]
[Date "2023.04.04"]
[WhiteClock "0:00:30"]
[BlackClock "0:00:51"]

1. d4 Nc6 2. Nf3 d6 3. e4 g6 4. d5 Ne5 5. Nxe5 dxe5 6. Bc4 Bg7 7. O-O Nf6 8. Nc3 O-O 9. Bg5 Ne8 10. Qe2 h6 11. Bh4 Nd6 12. Bd3 g5 13. Bg3 e6 14. Rfd1 exd5 15. Nxd5 Be6 16. Ne3 Qf6 17. b4 Rad8 18. c4 Qg6 19. f3 f5 20. Nd5 Qf7 21. exf5 Bxf5 22. Rac1 c6 23. Ne3 Bxd3 24. Rxd3 Nf5 25. Nxf5 Qxf5 26. Rcd1 Rxd3 27. Qxd3 Qe6 28. Qe4 Rf7 29. h3 h5 30. Kh2 h4 31. Rd8+ Rf8 32. Rxf8+ Kxf8 33. Bf2 a6 34. a4 Kf7 35. b5 axb5 36. cxb5 Qg6 37. Qxg6+ Kxg6 38. bxc6 bxc6 39. a5 e4 40. fxe4 Be5+ 41. Kh1 Bb8 42. a6 Kf6 43. a7 Bxa7 44. Bxa7 Ke5 45. Be3 Kxe4 46. Bxg5 c5 47. Bxh4 c4 48. Bf6 Kf5 49. Bc3 Ke4 50. Kh2 Kd3 51. Bg7 Ke4 52. Kg3 Kf5 53. Kf3 Kg6 54. Bc3 Kh5 55. g3 Kg6 56. Kg4 Kh7 57. Kg5 Kg8 58. Kg6 Kf8 59. h4 Kg8 60. h5 Kf8 61. h6 Kg8 62. h7+ Kf8 63. h8=Q+ Ke7 64. Qe5+ Kd7 65. Kf7 Kc6 66. Ke7 Kb6 67. Kd7 Ka6 68. Kc7 Ka7 69. Qa5# 1-0


[Site "https://www.chess.com"]

[Event "Titled Tuesday Blitz April 4 Late 2023"]
[White "koncheto"]
[Black "Annaberdiyev, Meylis"]
[BlackFideId "14000563"]
[WhiteElo "2534"]
[BlackElo "2416"]
[Result "1/2-1/2"]
[Round "06"]
[TimeControl "180+2"]
[Date "2023.04.04"]
[WhiteClock "0:00:02"]
[BlackClock "0:00:05"]

1. e4 c5 2. Nf3 e6 3. d4 cxd4 4. Nxd4 Nc6 5. Nc3 Qc7 6. Be3 a6 7. Nxc6 Qxc6 8. f4 b5 9. Bd3 Bb7 10. O-O Nf6 11. a3 h5 12. h3 Bc5 13. Qf3 Rc8 14. Kh1 h4 15. f5 Bxe3 16. Qxe3 Nh5 17. Kh2 Qc5 18. Qg5 Qe5+ 19. Kg1 Ng3 20. Rf4 Qf6 21. Qxf6 gxf6 22. fxe6 fxe6 23. Rxf6 Ke7 24. Rf2 Rcf8 25. Ne2 Rxf2 26. Kxf2 Rf8+ 27. Ke3 Rg8 28. Nxg3 Rxg3+ 29. Kf2 Kf6 30. Re1 Ke5 31. Re3 Rg7 32. b4 Rf7+ 33. Rf3 Rg7 34. Re3 Bc6 35. c4 Kd4 36. cxb5 axb5 37. Be2 Rxg2+ 38. Kxg2 Kxe3 39. Bh5 Bxe4+ 40. Kf1 d5 41. Be8 Bd3+ 42. Kg2 d4 43. a4 bxa4 44. Bxa4 Bc4 45. b5 d3 46. b6 d2 47. Kg1 Bd5 48. Kf1 e5 49. Kg1 e4 50. Kf1 Kd3 51. Bd1 e3 52. Be2+ Kc3 53. Bd1 Bb7 54. Ke2 Kd4 55. Bc2 Ba6+ 56. Kf3 e2 57. b7 Bxb7+ 58. Kxe2 Kc3 59. Bf5 Ba6+ 60. Kd1 Bd3 61. Bxd3 Kxd3 1/2-1/2


[Site "https://www.chess.com"]